Map: [ESL] Ancient Cistern

Players

Kelazhur - Winner!

  • Race: Terran Terran
  • Spawn Location: 7:00

Lambo

  • Race: Zerg Zerg
  • Spawn Location: 1:00

Event: ESL SC2 Masters 2023 Summer (Regionals)

VOD

Have the link to the VOD?

Description

Time

  • Played on: June 13, 2023, 10:08 a.m.
  • Length: 9:40

All games in this series

Show
View Real Time Build Order
Export as new Build Order

Kelazhur Terran - Winner!

Build Orders: Command Center First 

Get SALT Encoding   

  12  0:00  SCV  
  13  0:12  SCV  
  14  0:16  Supply Depot  
  14  0:24  SCV  
  15  0:38  SCV  
  16  0:50  SCV  
  17  0:57  Command Center  
  17  1:02  SCV  
  18  1:11  Barracks  
  18  1:14  SCV  
  19  1:21  Refinery  
  19  1:26  SCV  
  19  1:30  Refinery  
  20  1:38  SCV  
  21  1:42  Barracks  
  21  1:51  SCV  
  22  1:59  Barracks Reactor  
  22  2:03  Orbital Command  
  22  2:13  Orbital Command  
  22  2:25  Factory  
  22  2:29  SCV  
  23  2:30  Barracks Tech Lab  
  23  2:35  Marine x2  
  25  2:38  SCV  
  25  2:41  SCV  
  27  2:49  Marine  
  27  2:50  SCV  
  29  2:53  Stimpack, SCV  
  29  2:56  Marine x2  
  32  3:02  SCV  
  32  3:05  Supply Depot  
  33  3:07  SCV, Marine  
  33  3:12  Starport  
  35  3:14  SCV  
  35  3:15  Marine  
  35  3:19  Marine  
  37  3:22  Factory Reactor  
  37  3:26  Marine, SCV  
  37  3:27  SCV  
  41  3:28  Supply Depot  
  41  3:35  Supply Depot  
  41  3:36  Marine  
  41  3:37  Marine  
  41  3:38  SCV  
  41  3:39  SCV  
  45  3:44  Marine  
  46  3:50  SCV  
  46  3:51  SCV  
  46  3:54  Marine  
  46  3:55  Marine  
  49  3:58  Supply Depot  
  49  4:01  Marine  
  49  4:02  Medivac x2  
  55  4:08  SCV  
  56  4:12  Marine, Factory Reactor  
  56  4:13  Marine  
  56  4:14  SCV  
  59  4:17  Engineering Bay  
  59  4:19  Marine  
  59  4:20  SCV  
  61  4:26  SCV  
  61  4:27  Supply Depot  
  61  4:30  Marine  
  61  4:31  Marine  
  64  4:33  Combat Shield  
  64  4:40  SCV  
  64  4:42  Marine  
  64  4:44  Command Center  
  64  4:45  SCV  
  67  4:47  Terran Infantry Weapons Level 1  
  67  4:48  Marine x2  
  69  4:55  Refinery  
  69  4:56  Refinery  
  69  4:59  Marine  
  69  5:03  Barracks, SCV  
  69  5:04  Starport Reactor  
  71  5:07  SCV  
  71  5:13  Marine x2  
  74  5:15  SCV  
  74  5:19  SCV  
  76  5:21  Marine  
  76  5:27  SCV  
  78  5:30  Supply Depot  
  78  5:40  Armory, Engineering Bay  
  78  5:52  Widow Mine x2, SCV x2, Medivac  
  78  5:55  Marine x5, Medivac  
  93  6:02  Orbital Command  
  93  6:10  Barracks  
  93  6:11  Barracks, Terran Infantry Armor Level 1  
  93  6:13  SCV x2  
  93  6:14  Marine  
  93  6:18  Marine x2  
  98  6:24  Widow Mine  
  100  6:28  SCV  
  101  6:34  Orbital Command  
  101  6:36  SCV  
  101  6:40  Marine  
  101  6:41  Terran Infantry Weapons Level 2  
  101  6:49  Supply Depot  
  101  6:52  Marine x4  
  101  6:53  Widow Mine x2  
  109  6:59  Barracks Reactor x2  
  109  7:02  Supply Depot  
  109  7:03  Supply Depot  
  109  7:08  Medivac  
  109  7:10  Marine  
  109  7:11  SCV x3, Medivac  
  115  7:18  Marine  
  115  7:22  Marine  
  117  7:24  Widow Mine x2, Marine  
  120  7:32  Marine x2  
  120  7:36  Marine x5  
  127  7:39  Marine  
  127  7:42  Marine  
  126  7:47  SCV x3  
  126  7:50  Marine x2, Supply Depot  
  126  7:51  Command Center, Supply Depot  
  131  7:52  Supply Depot  
  131  7:54  Marine x2  
  133  8:01  Factory  
  133  8:12  Widow Mine x2, Medivac x2  
  141  8:13  Marine x5  
  141  8:14  Marine x2  
  137  8:27  Marine x2  
  137  8:31  Marine x4  
  137  8:33  Widow Mine  
  145  8:35  Supply Depot  
  145  8:36  SCV  
  145  8:37  SCV  
  145  8:38  SCV  
  145  8:39  Marine  
  149  8:43  Widow Mine  
  149  8:45  Medivac x2  
  155  8:49  SCV  
  155  8:51  Sensor Tower  
  156  8:57  Widow Mine  
  156  9:02  Factory Tech Lab  
  156  9:04  Widow Mine, Marine  
  144  9:18  Widow Mine, Marine  
  152  9:31  Barracks  
  152  9:32  Barracks  
Show
View Real Time Build Order
Export as new Build Order

Lambo Zerg 

Build Orders: Hatch First 

Get SALT Encoding   

  12  0:00  Drone  
  13  0:12  Overlord  
  13  0:16  Drone  
  14  0:30  Drone x2  
  16  0:47  Hatchery  
  15  0:50  Drone  
  15  0:54  Drone  
  17  0:57  Drone  
  18  1:08  Extractor  
  17  1:12  Spawning Pool  
  17  1:15  Drone  
  17  1:18  Drone  
  18  1:27  Drone  
  19  1:38  Drone  
  20  1:49  Drone  
  21  1:58  Queen  
  21  1:59  Queen, Zergling x2  
  21  2:00  Zergling x2  
  27  2:10  Drone, Overlord  
  27  2:11  Metabolic Boost  
  28  2:26  Hatchery  
  28  2:28  Drone  
  28  2:32  Drone  
  28  2:33  Drone  
  28  2:36  Drone  
  31  2:43  Overlord  
  31  2:47  Queen  
  31  2:50  Drone  
  34  2:52  Drone  
  34  2:57  Drone  
  35  3:01  Queen  
  37  3:10  Drone x4  
  37  3:12  Drone  
  42  3:18  Drone  
  42  3:19  Overlord  
  43  3:24  Overlord  
  43  3:36  Queen  
  43  3:37  Queen  
  47  3:42  Drone x2, Queen  
  47  3:44  Drone x2  
  47  3:47  Drone x2  
  55  3:50  Drone x2  
  55  3:54  Overlord  
  55  3:55  Zergling x2  
  58  4:03  Zergling x2  
  58  4:04  Drone x2  
  58  4:05  Overlord  
  61  4:12  Drone x2  
  61  4:17  Queen  
  62  4:18  Queen, Baneling Nest  
  62  4:21  Zergling x2  
  62  4:22  Drone x2  
  62  4:23  Drone  
  69  4:30  Zergling x6  
  71  4:33  Queen  
  71  4:36  Zergling x6  
  76  4:44  Overlord  
  76  4:45  Zergling x2  
  76  4:46  Zergling x6  
  76  4:49  Overlord  
  80  4:53  Drone  
  80  4:54  Overlord  
  80  4:56  Extractor, Overlord  
  80  5:00  Overlord  
  80  5:02  Overlord, Lair  
  80  5:04  Overlord  
  80  5:05  Drone  
  81  5:08  Overlord  
  81  5:09  Extractor, Drone x2  
  83  5:14  Drone  
  83  5:21  Drone x2  
  85  5:24  Drone x4  
  85  5:26  Queen  
  88  5:35  Zergling x10  
  93  5:40  Hatchery  
  93  5:42  Drone  
  93  5:44  Evolution Chamber  
  93  5:45  Zergling x4  
  95  5:50  Overlord x2  
  95  5:54  Zergling x6  
  98  6:00  Zergling x2  
  98  6:01  Hatchery  
  98  6:02  Centrifugal Hooks  
  98  6:06  Drone x2  
  98  6:07  Zergling x6, Baneling x2  
  98  6:08  Baneling x8  
  98  6:09  Baneling  
  98  6:10  Zergling x2  
  104  6:12  Overlord  
  104  6:17  Zergling x8  
  108  6:20  Zergling x2  
  108  6:30  Zergling x10  
  109  6:39  Evolution Chamber, Zerg Ground Armor Level 1  
  106  6:41  Zergling x16  
  113  6:51  Zergling x2  
  113  6:52  Zergling x4  
  116  6:55  Drone x4  
  116  6:57  Extractor  
  119  7:03  Drone x2  
  119  7:05  Baneling  
  118  7:09  Overlord  
  118  7:10  Zergling x12  
  118  7:14  Zergling x4  
  118  7:15  Pneumatized Carapace, Overseer  
  121  7:18  Zergling x2, Hydralisk Den  
  121  7:19  Drone  
  121  7:21  Queen  
  121  7:22  Extractor  
  122  7:23  Zergling x2  
  122  7:24  Zergling x8  
  122  7:28  Zergling x4  
  121  7:31  Baneling  
  121  7:32  Baneling, Overseer  
  121  7:36  Zergling x4  
  122  7:41  Zergling x4  
  121  7:47  Drone x8  
  129  7:54  Hydralisk, Muscular Augments  
  131  8:00  Baneling x2  
  131  8:03  Drone x5  
  136  8:08  Zergling x4  
  136  8:11  Zergling x2  
  139  8:13  Baneling  
  139  8:16  Baneling x6  
  130  8:21  Zergling x20  
  130  8:22  Drone  
  130  8:25  Zergling x2  
  130  8:27  Baneling x3  
  131  8:33  Drone x3  
  134  8:36  Drone  
  134  8:37  Extractor  
  134  8:39  Drone  
  135  8:43  Baneling  
  135  8:48  Extractor x2, Drone x10  
  143  8:51  Infestation Pit  
  143  8:53  Hydralisk  
  142  8:56  Overlord  
  142  8:59  Overlord  
  142  9:02  Overlord  
  131  9:03  Zergling x8  
  131  9:04  Overlord  
  131  9:07  Zergling x2  
  132  9:10  Overlord  
  132  9:12  Zergling x2  
  132  9:16  Zergling x8  
  126  9:18  Zergling x2  
  126  9:19  Zergling x4  
  126  9:22  Zergling x6  
Tags
 
Add a new tag
Caveats
  • Supply blocks, unpowered buildings, or Contaminate may cause inaccurate times.
  • Supply counts are checked every 10 seconds.